 Dungeon Crawl Stone Soup version 0.19-a0-1908-g43c011f (webtiles) character file.

3029 Zwobot the Cleaver (level 9, -4/71 HPs)
             Began as a Demigod Fighter on Oct 22, 2016.
             Slain by an orc warrior
             ... wielding a +0 halberd
              (14 damage)
             ... in a bailey on Oct 23, 2016.
             The game lasted 00:20:08 (8721 turns).

Zwobot the Cleaver (Demigod Fighter)                Turns: 8721, Time: 00:20:09

Health: -4/71      AC: 13    Str: 23    XL:     9   Next: 30%
Magic:  11/11      EV:  4    Int: 12    God:
Gold:   333        SH: 12    Dex: 17    Spells: 0 memorised, 8 levels left

rFire  . . .     SeeInvis .     a - +0 war axe
rCold  . . .     Gourm    .     q - +0 plate armour
rNeg   . . .     Faith    .     c - +0 shield
rPois  .         Spirit   .     (no helmet)
rElec  .         Reflect  +     (no cloak)
rCorr  .         Harm     .     (no gloves)
MR     .....                    L - +0 pair of boots
Stlth  ..........               i - +2 amulet of reflection
                                (no ring)
                                (no ring)

@: no status effects
A: high mp 1
a: no special abilities


You were in a bailey.
You were not hungry.

You visited 1 branch of the dungeon, and saw 7 of its levels.
You also visited: Bailey.

You collected 333 gold pieces.

Inventory:

Hand Weapons
 a - a +0 war axe (weapon)
Missiles
 h - 170 stones (quivered)
 E - 7 tomahawks
Armour
 b - a +0 scale mail
 c - a +0 shield (worn)
 e - a +0 shield
 l - a +0 scale mail
 q - a +0 plate armour (worn)
 K - a +0 chain mail
 L - a +0 pair of boots (worn)
Jewellery
 i - a +2 amulet of reflection (around neck)
 k - an uncursed amulet of regeneration {unknown}
 x - an uncursed ring of ice
 J - the ring "Duqocut" {*Corrode MR+ Int+3 Dex+4 SInv, unknown}
   (You took it off a kobold on level 7 of the Dungeon)

   [ring of protection from magic]

   It affects your intelligence (+3).
   It affects your dexterity (+4).
   It affects your resistance to hostile enchantments.
   It lets you see invisible.
   It may corrode you when you take damage.
Wands
 t - a wand of teleportation (3/9)
 y - a wand of teleportation (4/9)
 z - a wand of disintegration (6/24)
 F - a wand of iceblast (0/15)
Scrolls
 j - a scroll of amnesia
 m - a scroll of fear
 o - a scroll of immolation
 p - 2 scrolls of recharging
 r - 3 scrolls of remove curse
 v - 2 scrolls of teleportation {unknown}
 A - a scroll of torment {unknown}
 C - a scroll of magic mapping {unknown}
 D - a scroll of fog {unknown}
 G - a scroll of enchant armour {unknown}
 H - a scroll of summoning {unknown}
Potions
 g - a potion of agility
 n - 2 potions of flight
 w - a potion of magic
 I - a potion of mutation {unknown}
Comestibles
 d - 2 meat rations
 f - 4 bread rations
 B - 2 beef jerkies


   Skills:
 - Level 4.0 Fighting
 * Level 10.2 Axes
 + Level 5.6 Armour
 + Level 4.7 Shields


You had 8 spell levels left.
You didn't know any spells.

Dungeon Overview and Level Annotations

Branches:
Dungeon (7/15)             Temple (0/1) D:7

Annotations:
D:3 Philosophy's ghost, amateur CeHu


Innate Abilities, Weirdness & Mutations

You have an increased reservoir of magic. (+10% MP)


Message History

Something unseen opens the door.
You block the orc warrior's attack.
Found a crude robe and a runed glaive. 2 orc warriors come into view.
An orc knight comes into view. It is wielding a bardiche.
The orc warrior shouts!
The orc knight shouts!
The orc knight hits you with a bardiche!!
Found a runed broad axe.
There is an open door, spattered with blood here.
You block the orc warrior's attack. The orc warrior hits you with a glaive.
The orc knight no longer looks unusually strong.
The orc warrior no longer looks unusually strong.
You block the orc warrior's attack.
The orc knight roars a battlecry!
The orcs go into a battle-frenzy!
The orc knight no longer looks unusually strong.
The orc knight hits you from afar with a bardiche.
The orc warrior hits you from afar with a halberd!!
* * * LOW HITPOINT WARNING * * *
The orc warrior hits you from afar with a halberd!
You die...

### ###
##.###########∩##
#)..##.....##.∩.#
#@..#..≈≈≈..#...#.
#..o#.≈≈o≈≈.......
#o.o'.≈oo)≈.......
#[..#.≈≈.≈≈.......
#...#..≈≈≈..#...#.
#)..##.....##...##
##.###########∩##
### ###


You could see an orc knight and 2 orc warriors.

Vanquished Creatures
  Sigmund (D:4)
  Edmund (D:5)
  3 orc warriors
  A sky beast (D:6)
  4 ogres
  2 centaurs (D:5)
  A crocodile (D:7)
  A big kobold (D:7)
  2 bullfrogs
  A wyvern zombie (D:7)
  2 scorpions
  3 killer bees (D:7)
  2 howler monkeys
  4 crimson imps
  3 jellies
  3 hounds
  2 orc priests
  2 bullfrog skeletons
  A gnoll shaman (D:7)
  2 centaur skeletons
  3 iguanas
  6 orc wizards
  6 worker ants
  A worker ant zombie (D:5)
  6 adders
  16 gnolls
  An ooze (D:5)
  An adder skeleton (D:6)
  2 adder zombies
  A worm (D:2)
  4 dart slugs
  4 leopard geckos
  22 orcs
  2 ball pythons (D:2)
  4 giant cockroaches
  11 goblins
  6 hobgoblins
  9 jackals
  6 kobolds
  6 quokkas
  6 bats
  3 frilled lizards
  A rat (D:2)
168 creatures vanquished.

Notes
Turn   | Place    | Note
-------+----------+-------------------------------------------
     0 | D:1      | Zwobot the Demigod Fighter began the quest for the Orb.
     0 | D:1      | Reached XP level 1. HP: 18/18 MP: 3/3
    95 | D:1      | Reached skill level 2 in Axes
   466 | D:1      | Reached XP level 2. HP: 23/25 MP: 4/4
   908 | D:2      | Reached skill level 3 in Axes
  1106 | D:2      | Reached XP level 3. HP: 13/30 MP: 5/5
  2068 | D:3      | Reached skill level 4 in Axes
  2082 | D:3      | Noticed Philosophy's ghost (amateur CeHu)
  2120 | D:3      | Reached XP level 4. HP: 37/37 MP: 6/6
  2213 | D:5      | Entered Level 5 of the Dungeon
  2248 | D:5      | Reached XP level 5. HP: 16/45 MP: 7/7
  2545 | D:5      | Reached skill level 5 in Axes
  2569 | D:4      | Noticed Sigmund
  2597 | D:4      | Killed Sigmund
  2597 | D:4      | Reached XP level 6. HP: 12/51 MP: 8/8
  3528 | D:4      | Found a glowing golden altar of the Shining One.
  3613 | D:4      | HP: 1/52 [worker ant (5)]
  3616 | D:4      | Reached skill level 6 in Axes
  3907 | D:4      | Reached XP level 7. HP: 58/58 MP: 9/9
  4638 | D:5      | Reached skill level 7 in Axes
  5076 | D:5      | Noticed Edmund
  5091 | D:5      | Killed Edmund
  5162 | D:5      | Reached skill level 8 in Axes
  5162 | D:5      | Reached XP level 8. HP: 47/66 MP: 10/10
  5665 | D:5      | HP: 3/66 [crimson imp (2)]
  6863 | D:6      | Reached skill level 9 in Axes
  7909 | D:7      | Reached skill level 5 in Armour
  8039 | D:7      | Reached XP level 9. HP: 16/71 MP: 11/11
  8267 | D:7      | Got a clouded platinum ring
  8383 | D:7      | Reached skill level 10 in Axes
  8455 | D:7      | Found a staircase to the Ecumenical Temple.
  8484 | D:7      | Found a flagged portal.
  8497 | Bailey   | Entered a bailey
  8497 | Bailey   | Noticed an orc knight
  8497 | Bailey   | Noticed an orc knight
  8498 | Bailey   | Noticed an orc knight
  8498 | Bailey   | Noticed an orc knight
  8717 | Bailey   | Noticed an orc knight
  8721 | Bailey   | Slain by an orc warrior

Vault maps used:
D:1:      minmay_arrival_four_houses
D:2:      minmay_box_of_dots
D:3:      trog_book
D:4:      tso_altar, uniq_sigmund
D:5:      first_bread, patterned_corridor, uniq_edmund
D:7:      enter_bailey_7
Bailey:   bailey_polearm_4, bailey

Skill      XL: |  1  2  3  4  5  6  7  8  9 |
---------------+----------------------------+-----
Axes           | 2 3 4 5 6 8 9 10 | 10.2
Fighting       | 3 4 |  4.0
Armour         | 3 4 5 |  5.6
Shields        | 4 |  4.7

Action                   |  1- 3 |  4- 6 |  7- 9 || total
-------------------------+-------+-------+-------++-------
Melee: War axe           |   193 |   143 |   473 ||   809
Evoke: Wand              |       |       |     6 ||     6
  Use: Potion            |       |     5 |     4 ||     9
       Scroll            |       |     1 |     7 ||     8
  Eat: Chunk             |     4 |     6 |    13 ||    23
       Pizza             |       |       |     1 ||     1
       Beef jerky        |       |       |     1 ||     1
Armor: Scale mail        |    91 |    21 |    52 ||   164
       Plate armour      |       |    43 |   116 ||   159
Dodge: Dodged            |    60 |    31 |    82 ||   173
Block: Shield            |   126 |    87 |   285 ||   498
       Reflection        |       |       |    13 ||    13
